 Dungeon Crawl Stone Soup version 0.24.0-2-g5b39cebb1c (webtiles) character file.

Game seed: 12144407952834568059, levelgen mode: deterministic

31921 Mrkan the Severer (level 13, -2/119 HPs)
             Began as a Hill Orc Fighter on Oct 29, 2019.
             Was a High Priest of Nemelex Xobeh.
             Slain by an elephant (6 damage)
             ... on level 4 of the Lair of Beasts.
             The game lasted 00:35:38 (17737 turns).

Mrkan the Severer (Hill Orc Fighter)               Turns: 17737, Time: 00:35:38

Health: -2/119     AC: 20    Str: 24    XL:     13   Next: 61%
Magic:  15/20      EV: 21    Int:  8    God:    Nemelex Xobeh [*****.]
Gold:   1095       SH: 12    Dex: 10    Spells: 12/12 levels left

rFire    + . .     SeeInvis +   g - +6 broad axe (chop)
rCold    + . .     Gourm    .   c - +0 shield
rNeg     . . .     Faith    .   r - +0 plate armour
rPois    .         Spirit   .   (no helmet)
rElec    .         Reflect  .   e - scarf {rC+ rF+}
rCorr    .         Harm     .   b - +0 pair of gloves
MR       .....                  (no boots)
Stlth    ..........             u - amulet of the acrobat
HPRegen  0.29/turn              D - +5 ring of protection
MPRegen  0.17/turn              B - ring of see invisible

@: acrobat, very slightly contaminated, invisible
A: no striking features
a: Draw Escape, Draw Destruction, Draw Summoning, Triple Draw, Deal Four, Stack
Five, Renounce Religion


You were on level 4 of the Lair of Beasts.
You worshipped Nemelex Xobeh.
Nemelex Xobeh was extremely pleased with you.
You were hungry.

You visited 2 branches of the dungeon, and saw 16 of its levels.

You collected 1095 gold pieces.

Inventory:

Hand Weapons
 g - a +6 broad axe of chopping (weapon)
Armour
 b - a +0 pair of gloves (worn)
 c - a +0 shield (worn)
 e - a scarf of resistance (worn)
 r - a +0 plate armour (worn)
Jewellery
 l - an uncursed ring of ice
 n - an uncursed ring of resist corrosion
 o - an uncursed ring of protection from magic
 u - an amulet of the acrobat (around neck)
 B - a ring of see invisible (right hand)
 D - a +5 ring of protection (left hand)
Wands
 j - a wand of iceblast (9)
 q - a wand of acid (13)
 x - a wand of random effects (28)
 C - a wand of paralysis (13)
 G - a wand of flame (18)
 J - a wand of clouds (8)
Scrolls
 i - 7 scrolls of teleportation
 m - 3 scrolls of magic mapping
 p - 4 scrolls of remove curse
 t - a scroll of enchant weapon
 y - a scroll of fear
 A - 5 scrolls of amnesia
 H - a scroll of immolation {unknown}
 K - a scroll of identify
Potions
 d - 7 potions of brilliance
 h - a potion of lignification
 k - a potion of cancellation {unknown}
 s - 2 potions of mutation
 v - a potion of invisibility
 w - 2 potions of agility
 z - 4 potions of curing
 E - a potion of flight
 I - a potion of might
Comestibles
 f - 23 rations
 F - 10 chunks of flesh


   Skills:
 + Level 12.3 Fighting
 * Level 17.5 Axes
 + Level 9.4 Armour
 + Level 11.4 Shields
 - Level 10.0 Invocations


You had 12 spell levels left.
You didn't know any spells.
Your spell library contained the following spells:

 Spells                   Type           Power        Failure   Level  Hunger
 Apportation              Tloc           #.....       100%        1    ##.....
 Beastly Appendage        Tmut           #.....       100%        1    ##.....
 Confusing Touch          Hex            #.....       100%        1    ##.....
 Corona                   Hex            #......      100%        1    ##.....
 Magic Dart               Conj           #...         100%        1    ##.....
 Summon Butterflies       Summ           #.......     100%        1    ##.....
 Summon Small Mammal      Summ           #...         100%        1    ##.....
 Call Imp                 Summ           #.......     100%        2    ###....
 Ensorcelled Hibernation  Hex/Ice        #.....       100%        2    ###....
 Searing Ray              Conj           #.....       100%        2    ###....
 Sticks to Snakes         Tmut           #.......     100%        2    ###....
 Call Canine Familiar     Summ           #.......     100%        3    ####...
 Confuse                  Hex            #.......     100%        3    ####...
 Dazzling Spray           Conj/Hex       #.....       100%        3    ####...
 Gell's Gravitas          Tloc           #.........   100%        3    ####...
 Lesser Beckoning         Tloc           #.........   100%        3    ####...
 Spider Form              Tmut/Pois      #.........   100%        3    ####...
 Summon Guardian Golem    Hex/Summ       #.......     100%        3    ####...
 Tukima's Dance           Hex            #.......     100%        3    ####...
 Force Lance              Conj/Tloc      #.......     100%        4    #####..
 Fulminant Prism          Conj/Hex       #.........   100%        4    #####..
 Ice Form                 Ice/Tmut       #.......     100%        4    #####..
 Iskenderun's Mystic Bla  Conj           #.......     100%        4    #####..
 Petrify                  Tmut/Erth      #.......     100%        4    #####..
 Summon Ice Beast         Ice/Summ       #.......     100%        4    #####..
 Summon Lightning Spire   Summ/Air       #.......     100%        4    #####..
 Alistair's Intoxication  Tmut/Pois      #.......     100%        5    ######.
 Blade Hands              Tmut           #.........   100%        5    ######.
 Metabolic Englaciation   Hex/Ice        #.........   100%        5    ######.
 Yara's Violent Unravell  Hex/Tmut       #.........   100%        5    ######.
 Invisibility             Hex            #.......     100%        6    #######


Dungeon Overview and Level Annotations

Branches:
Dungeon (12/15)            Temple (0/1) D:5            Lair (4/6) D:8
  Swamp (0/4) Lair:3       Spider (0/4) Lair:4          Orc (0/2) D:12

Altars:
Dithmenos
Gozag
Kikubaaqudgha
Nemelex Xobeh
Vehumet
Xom
Yredelemnul
The Shining One

Shops:
D:8 [[

Annotations:
D:6 2 runed translucent doors, Gynju's ghost, novice DEFE
Lair:3 3 runed translucent doors, Nr616's ghost, journeyman GnSk


Message History

The elephant barely misses you.
You are very lightly contaminated with residual magic.
The elephant misses you. x2; The elephant tramples you.
* * * LOW HITPOINT WARNING * * *
You hold your ground!
The elephant completely misses you. You block the elephant's attack.
The elephant misses you. The elephant barely misses you.
The elephant completely misses you. You block the elephant's attack.
The elephant trunk-slaps you but does no damage.
The elephant barely misses you. You block the elephant's attack.
The elephant closely misses you. You block the elephant's attack.
The elephant misses you. x2
You block the elephant's attack. The elephant completely misses you.
You block the elephant's attack. The elephant misses you.
The elephant completely misses you. x2; You block the elephant's attack.
The elephant misses you. The elephant misses you.
You block the elephant's attack. The elephant tramples you.
You die...
Your body disappears without a glow.

.# .....## ..## ###
......### ...#####.###
.....#... ...PP#P.##.#
#........ #..........#
##!....... #.#'###....#
##.........
......##.#.###P.Y.......
.....##.....##YYY#..†...
......#........#@#......
..⌠..##........###......
.....#..⌠..##...........
............###.........
..⌠.......### ##........
.........## ##.......
..>..⌠..# .......
.......##P..###.........
..⌠....#........ ....


You could see 4 elephants.

Vanquished Creatures
  An ettin (D:12)
  Josephine (D:11)
  Fannar (D:11)
  3 hydras
  A centaur warrior (D:12)
  Urug (D:11)
  A wolf spider zombie (D:10)
  A deep elf mage (D:11)
  3 black mambas
  5 spiny frogs
  A gargoyle (D:10)
  2 komodo dragons (Lair:3)
  A yaktaur (D:12)
  A polar bear (Lair:2)
  Grinder (D:3)
  3 trolls
  A hornet (D:10)
  A raiju (D:10)
  10 hippogriffs
  Prince Ribbit (Lair:2)
  4 slime creatures (D:12)
  11 blink frogs
  A redback (Lair:4)
  6 wraiths
  3 wyverns
  36 yaks
  2 basilisks
  2 hungry ghosts
  5 water moccasins
  4 porcupines
  4 sky beasts
  4 orc warriors
  A black bear (D:10)
  2 ogres
  2 phantoms
  2 ice beasts (D:11)
  A necrophage (D:10)
  11 wolves
  9 centaurs
  5 crocodiles
  2 big kobolds
  9 bullfrogs
  A wyvern zombie (D:10)
  2 jellies (D:11)
  A water moccasin skeleton (D:4)
  3 scorpions
  10 killer bees
  7 wights
  An electric eel (Lair:1)
  5 howler monkeys
  A centaur zombie (D:6)
  A crimson imp (D:9)
  3 bullfrog zombies
  3 centaur skeletons
  5 hounds
  7 orc wizards
  8 orc priests
  6 iguanas
  8 worker ants
  2 hound skeletons
  2 worker ant zombies
  10 adders
  4 worms
  3 dart slugs
  8 leopard geckos
  38 orcs
  4 ball pythons
  7 bats
  6 giant cockroaches
  6 goblins
  4 hobgoblins
  19 jackals
  20 kobolds
  5 quokkas
  5 frilled lizards
  A jackal skeleton (D:7)
  A quokka zombie (D:6)
  6 rats
  3 fungi
  A plant (Lair:1)
393 creatures vanquished.

Vanquished Creatures (others)
  A hydra (Lair:1)
  A ball lightning (Lair:1)
2 creatures vanquished.

Grand Total: 395 creatures vanquished

Notes
Turn   | Place    | Note
-------+----------+-------------------------------------------
     0 | D:1      | Mrkan the Hill Orc Fighter began the quest for the Orb.
     0 | D:1      | Reached XP level 1. HP: 19/19 MP: 1/1
    46 | D:1      | Reached skill level 3 in Axes
   234 | D:1      | Reached XP level 2. HP: 27/27 MP: 2/2
   409 | D:1      | Reached XP level 3. HP: 27/33 MP: 3/3
   737 | D:2      | Reached skill level 4 in Axes
   915 | D:2      | Reached XP level 4. HP: 40/40 MP: 4/4
  1706 | D:3      | Noticed Grinder
  1706 | D:3      | Paralysed by Grinder for 3 turns
  1713 | D:3      | Paralysed by Grinder for 3 turns
  1723 | D:3      | Paralysed by Grinder for 4 turns
  1727 | D:3      | Killed Grinder
  1727 | D:3      | Reached skill level 5 in Axes
  1727 | D:3      | Reached XP level 5. HP: 23/47 MP: 5/5
  1727 | D:3      | Reached XP level 6. HP: 27/55 MP: 6/6
  2726 | D:4      | Reached skill level 5 in Fighting
  2726 | D:4      | Reached skill level 6 in Axes
  2865 | D:4      | Noticed a hungry ghost
  2896 | D:4      | Killed a hungry ghost
  2896 | D:4      | Reached XP level 7. HP: 60/61 MP: 7/7
  3056 | D:4      | Reached skill level 7 in Axes
  3056 | D:4      | Reached skill level 5 in Armour
  3056 | D:4      | Reached skill level 5 in Shields
  3618 | D:5      | Entered Level 5 of the Dungeon
  3618 | D:5      | Found a sparkling altar of Nemelex Xobeh.
  3702 | D:5      | Became a worshipper of Nemelex Xobeh the Trickster
  3722 | D:5      | Found a staircase to the Ecumenical Temple.
  3783 | D:5      | Reached skill level 1 in Invocations
  3783 | D:5      | Reached XP level 8. HP: 64/70 MP: 7/9
  3796 | D:5      | Received a gift from Nemelex Xobeh
  3927 | D:5      | Found an ancient bone altar of Kikubaaqudgha.
  4033 | D:5      | Reached skill level 8 in Axes
  4324 | D:5      | Reached * piety under Nemelex Xobeh
  4564 | D:5      | Found a glowing golden altar of the Shining One.
  4654 | D:6      | Found a radiant altar of Vehumet.
  4654 | D:6      | Found a shadowy altar of Dithmenos.
  4655 | D:6      | Found a basalt altar of Yredelemnul.
  4860 | D:6      | Received a gift from Nemelex Xobeh
  5023 | D:6      | Received a gift from Nemelex Xobeh
  5044 | D:6      | Reached skill level 9 in Axes
  5449 | D:6      | Found a large runed translucent door.
  5449 | D:6      | Found a large runed translucent door.
  5449 | D:6      | Noticed Gynju's ghost (novice DEFE)
  5851 | D:7      | Found an opulent altar of Gozag.
  5886 | D:7      | Reached ** piety under Nemelex Xobeh
  6024 | D:7      | Reached XP level 9. HP: 78/78 MP: 10/12
  6378 | D:7      | Found a shimmering altar of Xom.
  6538 | D:9      | Reached skill level 10 in Axes
  7095 | D:8      | Reached skill level 5 in Invocations
  7161 | D:8      | Found a staircase to the Lair.
  7297 | D:8      | Reached skill level 11 in Axes
  7584 | D:8      | Received a gift from Nemelex Xobeh
  7687 | D:8      | Found Babbua's Armour Boutique.
  7716 | D:8      | Identified a scroll of acquirement
  7841 | D:8      | Found Dauk's Armour Shop.
  8070 | D:9      | Reached XP level 10. HP: 41/88 MP: 14/14
  8286 | D:9      | Received a gift from Nemelex Xobeh
  8318 | D:9      | Reached *** piety under Nemelex Xobeh
  8519 | D:9      | Reached skill level 12 in Axes
  8558 | D:9      | Received a gift from Nemelex Xobeh
  8946 | D:10     | Entered Level 10 of the Dungeon
  8992 | D:10     | Noticed a gargoyle
  9002 | D:10     | Killed a gargoyle
  9094 | D:10     | Reached skill level 13 in Axes
  9318 | D:10     | Reached XP level 11. HP: 88/97 MP: 17/17
  9342 | D:10     | Paralysed by a hornet for 2 turns
  9890 | D:10     | Received a gift from Nemelex Xobeh
  9894 | D:10     | Noticed an unseen horror
  9895 | D:10     | an unseen horror changed into a raiju
 10184 | D:11     | Reached skill level 14 in Axes
 10185 | D:11     | Reached skill level 10 in Fighting
 10279 | D:11     | Noticed a seven-headed hydra
 10289 | D:11     | Killed an eight-headed hydra
 10559 | D:11     | Noticed Fannar
 10585 | D:11     | Killed Fannar
 10941 | D:11     | Noticed a five-headed hydra
 10951 | D:11     | Killed a seven-headed hydra
 11203 | D:11     | Noticed a deep elf mage
 11208 | D:11     | Killed a deep elf mage
 11264 | D:11     | Noticed Urug
 11284 | D:11     | Killed Urug
 11284 | D:11     | Reached XP level 12. HP: 39/107 MP: 1/19
 11611 | D:11     | Reached **** piety under Nemelex Xobeh
 11669 | D:11     | Noticed Josephine
 11688 | D:11     | Killed Josephine
 11688 | D:11     | Reached skill level 15 in Axes
 12100 | D:11     | Received a gift from Nemelex Xobeh
 12186 | D:12     | Noticed a centaur warrior
 12193 | D:12     | Killed a centaur warrior
 12193 | D:12     | Reached skill level 10 in Invocations
 12293 | D:12     | Reached skill level 10 in Shields
 12367 | D:12     | HP: 4/108 [large slime creature (21)]
 13437 | D:12     | Noticed a four-headed hydra
 13439 | D:12     | Noticed an ettin
 13439 | D:12     | a four-headed hydra changed into an ettin
 13445 | D:12     | Killed an ettin
 13841 | D:12     | Found a staircase to the Orcish Mines.
 14232 | Lair:1   | Entered Level 1 of the Lair of Beasts
 14370 | Lair:1   | You fall into a shaft and drop 1 floor!
 14385 | Lair:1   | Reached skill level 16 in Axes
 14406 | Lair:1   | Noticed an eight-headed hydra
 14409 | Lair:1   | Killed an eight-headed hydra
 14634 | Lair:1   | Received a gift from Nemelex Xobeh
 14851 | Lair:1   | Reached ***** piety under Nemelex Xobeh
 14951 | Lair:1   | Reached XP level 13. HP: 104/116 MP: 20/20
 15333 | Lair:2   | Received a gift from Nemelex Xobeh
 16109 | Lair:2   | Received a gift from Nemelex Xobeh
 16312 | Lair:2   | Noticed Prince Ribbit
 16327 | Lair:2   | Killed Prince Ribbit
 16327 | Lair:2   | Reached skill level 17 in Axes
 16504 | Lair:3   | Received a gift from Nemelex Xobeh
 16531 | Lair:3   | Found a runed translucent gate.
 16531 | Lair:3   | Found a runed translucent gate.
 16531 | Lair:3   | Found a runed translucent gate.
 16531 | Lair:3   | Noticed Nr616's ghost (journeyman GnSk)
 16930 | Lair:3   | Found a staircase to the Swamp.
 16978 | Lair:3   | Received a gift from Nemelex Xobeh
 17492 | Lair:4   | Received a gift from Nemelex Xobeh
 17519 | Lair:4   | Found a hole to the Spider Nest.
 17701 | Lair:4   | Noticed Snorg
 17717 | Lair:4   | Noticed Snorg
 17717 | Lair:4   | Snorg changed into Snorg the hippogriff
 17717 | Lair:4   | Killed Snorg the hippogriff
 17729 | Lair:4   | HP: 4/119 [elephant (8)]
 17737 | Lair:4   | Slain by an elephant

Levels and vault maps discovered:
D:1:      minmay_arrival_wavy_path, layout_rooms
D:2:      layout_basic, minmay_circled_x
D:3:      layout_basic, uniq_grinder
D:4:      layout_basic
D:5:      layout_loops_corners, nemelex_xobeh_ov_fountains_minmay,
          kiku_gazebo_garden_becter, tso_oasis_becter, temple_pool_b,
          first_ration
D:6:      layout_loops_corners, gammafunk_temple_overflow_claw,
          ebering_ghost_disaster_area, kennysheep_path_1, minmay_lizard_king
D:7:      layout_basic, chequers_temple_overflow_statue_of_worship
D:8:      layout_cave_pools, lair_entry_dummy, serial_shops, shop, shop
D:9:      layout_roguey
D:10:     layout_roguey
D:11:     layout_roguey, uniq_fannar, uniq_josephine, uniq_urug
D:12:     layout_stronghold, orc_0_dummy, serial_glass, glass_columns_c,
          glass_columns_a
Lair:1:   layout_cave_pods, serial_bayou_shore_a, grunt_megastairs_5,
          infiniplex_staircase_pool_2
Lair:2:   layout_gridlike, lemuel_fruit_tree, uniq_prince_ribbit2
Lair:3:   layout_chaotic_city, minmay_swamp_entry_reptiles,
          ebering_ghost_rock_garden
Lair:4:   layout_cave_pods, spider_nest_entry_a, grunt_megastairs_3, uniq_snorg

Skill      XL: |  1  2  3  4  5  6  7  8  9 10 11 12 13 |
---------------+----------------------------------------+-----
Axes           | 3 4 5 6 7 9 11 13 14 16 17 | 17.5
Fighting       | 4 5 6 8 9 10 11 12 | 12.3
Armour         | 4 5 6 8 9 |  9.4
Shields        | 4 5 6 7 8 9 10 11 | 11.4
Invocations    | 1 4 6 8 9 10 | 10.0

Action                   |  1- 3 |  4- 6 |  7- 9 | 10-12 | 13-15 || total
-------------------------+-------+-------+-------+-------+-------++-------
Melee: War axe           |    97 |   171 |   385 |       |       ||   653
       Broad axe         |       |       |    25 |   434 |   174 ||   633
Invok: Deal Four         |       |       |       |       |     1 ||     1
 Abil: Draw Destruction  |       |       |     2 |    16 |     5 ||    23
       Draw Escape       |       |       |       |       |     1 ||     1
  Use: Potion            |       |     1 |     2 |     3 |     3 ||     9
       Scroll            |       |       |    16 |     4 |     1 ||    21
  Eat: Chunk             |       |     7 |    17 |    16 |     8 ||    48
       Ration            |       |     3 |     1 |     2 |       ||     6
Armor: Scale mail        |    54 |       |       |       |       ||    54
       Chain mail        |     3 |    44 |       |       |       ||    47
       Plate armour      |       |    78 |   214 |   173 |   129 ||   594
Dodge: Dodged            |    46 |    38 |    69 |   102 |    72 ||   327
Block: Shield            |    58 |    98 |   219 |   231 |   115 ||   721
